AoeStats
← MrStormyZ

Arena

510463535Analyzed
1v1 RM · 2d ago on Oct 1, 2026· 41m 22s· 2 players
Game mode
Random Map
Map size
Tiny (2 player)
Population
200
Speed
Normal
Resources
Standard
Victory
Conquest
Starting age
Dark Age
Ending age
Imperial Age
RankedLock teamsTeams togetherTeam positionsShared explorationLock speedFull tech treeHidden civsTurbo modeCheats
Victory
Defeat
🇲🇽 Burgundians · Mexico
1031
+14
🇮🇳 Hindustanis · India
979
-14
MrStormyZ
9:47 Feudal Age
11:21 Wheelbarrow
10:38 Double-Bit Axe
12:00 Horse Collar
13:06 Loom
13:08 Town Watch
18:02 Castle Age
16:09 Gold Mining
17:59 Stone Mining
20:22 Loom
20:38 Town Patrol
20:43 Husbandry
21:31 Gold Shaft Mining
21:35 Bow Saw
24:16 Bloodlines
26:34 Hand Cart
27:48 Elite Skirmisher
30:54 Stone Shaft Mining
34:24 Thumb Ring
34:15 Fletching
34:25 Padded Archer Armor
37:00 Grand Trunk Road
40:43 Heavy Plow
BL_ELEKA
0:25 Loom
11:13 Feudal Age
12:02 Double-Bit Axe
15:15 Gold Mining
15:20 Stone Mining
18:10 Castle Age
17:01 Wheelbarrow
18:29 Castle Age
16:56 Horse Collar
18:01 Heavy Plow
18:39 Gold Shaft Mining
18:15 Bow Saw
18:44 Stone Shaft Mining
21:40 Forging
21:36 Scale Barding Armor
22:26 Crop Rotation
23:29 Iron Casting
24:55 Two-Man Saw
24:56 Chain Barding Armor
26:00 Two-Man Saw
25:12 Husbandry
28:30 Squires
30:45 Scale Mail Armor
32:36 Chain Mail Armor
33:19 Hand Cart
32:53 Town Watch
36:33 Imperial Age
35:58 Arson
38:22 Chemistry
37:03 Treadmill Crane
38:38 Blast Furnace
38:13 Plate Barding Armor
38:45 Conscription
40:47 Plate Barding Armor
41:27 Plate Mail Armor
41:49 Masonry
Connection lost

Rejoining the realm…

Still unreachable

The connection could not be restored.

Session expired

The server has moved on; the page needs a fresh start.